 Dungeon Crawl Stone Soup version 0.29-a0-371-g91724d5b39 (webtiles) character file.

Game seed: 4190375873137544354

119 ders the Magician (level 5, 0/35 HPs)
             Began as a Djinni Conjurer on May 2, 2022.
             Slain by an ufetubus (1 damage)
             ... summoned by Eustachio
             ... on level 4 of the Dungeon.
             The game lasted 00:05:57 (4099 turns).

ders the Magician (Djinni Conjurer)                 Turns: 4099, Time: 00:05:57

Health: 0/35       AC:  4    Str:  6    XL:     5   Next: 23%
Gold:   129        EV: 12    Int: 21    God:
                   SH:  0    Dex: 12

rFire   + . .      SeeInvis .   g - staff of poison
rCold   . . .      Faith    .   (no shield)
rNeg    . . .      Spirit   .   a - +0 robe
rPois   ∞          Reflect  .   f - +0 helmet
rElec   .          Harm     .   (no cloak)
rCorr   .          Rampage  .   o - +0 pair of gloves
Will    .....                   (boots unavailable)
Stlth   ++........              (no amulet)
HPRegen 0.11/turn               q - ring of ice
MPRegen 0.00/turn               (no ring)

@: flying, very slightly contaminated
A: sickness immunity, fire resistance 2, cold vulnerability 1, float, innate
caster, HP casting, extra vitality 1
a: no special abilities


You were on level 4 of the Dungeon.
You visited 1 branch of the dungeon, and saw 4 of its levels.

You collected 129 gold pieces.

Inventory:

Armour
 a - a +0 robe (worn)
 f - a +0 helmet (worn)
 o - a +0 pair of gloves (worn)
Magical Staves
 g - a staff of poison (weapon)
Jewellery
 q - a ring of ice (left hand)
Scrolls
 b - 2 scrolls of vulnerability {unknown}
 c - a scroll of teleportation {unknown}
 d - 2 scrolls of enchant weapon {unknown}
 e - 5 scrolls of identify {unknown}
 i - a scroll of fog {unknown}
 k - 3 scrolls of enchant armour {unknown}
 m - a scroll of fear {unknown}
 s - a scroll of magic mapping {unknown}
Potions
 h - 3 potions of attraction {unknown}
 j - a potion of berserk rage {unknown}
 l - a potion of mutation {unknown}
 n - a potion of degeneration {unknown}
 p - a potion of flight {unknown}
 r - a potion of curing {unknown}


   Skills:
 - Level 2.1 Dodging
 - Level 1.5 Stealth
 + Level 4.8 Spellcasting


You couldn't memorise any spells.
You knew the following spells:

 Your Spells              Type           Power      Damage    Failure   Level
a - Magic Dart            Conj           100%       1d8       1%          1
b - Searing Ray           Conj           50%        2d6       2%          2
c - Dazzling Flash        Conj/Hex       50%        N/A       4%          3
d - Fulminant Prism       Conj/Hex       12%        3d9       14%         4
e - Iskenderun's Mystic   Conj/Tloc      25%        2d7       14%         4
f - Pain                  Necr           100%       1d9       1%          1
g - Passwall              Tmut/Erth      20%        N/A       2%          2
Your spell library was empty.

Dungeon Overview and Level Annotations

Branches:
Dungeon (4/15)
 Temple: D:4-7

Altars:

Shops:
D:3 *

Annotations:
D:4 Eustachio


Innate Abilities, Weirdness & Mutations

You are immune to sickness and miasma.
You are immune to poison.
Your flesh is very heat resistant. (rF++)
You are vulnerable to cold. (rC-)
You float through the air rather than walking.
You learn spells naturally, not from books.
Your magical power is your life essence.
You have superior vitality. (+4 MHP)


Message History

You conjure a prism of explosive energy!
A fulminant prism comes into view.
Eustachio gestures wildly while chanting.
Eustachio blinks!
Your fulminant prism crackles loudly.
Eustachio is no longer blind.
Your fulminant prism explodes!
Casting: Fulminant Prism (quite dangerous; 14% risk of failure)
Confirm with . or Enter, or press ? or * to list all spells.
You erupt in a blast of force!
The mystic blast hits Eustachio!
Eustachio is heavily wounded.
Eustachio is knocked back by the mystic blast.
Eustachio slams into the rock wall!
Eustachio is heavily wounded.
Casting: Iskenderun's Mystic Blast (quite dangerous; 14% risk of failure)
Confirm with . or Enter, or press ? or * to list all spells.
You can't see any susceptible monsters within range! (Use Z to cast anyway.) Eustachio casts a spell.
Casting: Iskenderun's Mystic Blast (quite dangerous; 14% risk of failure)
Confirm with . or Enter, or press ? or * to list all spells.
You can't see any susceptible monsters within range! (Use Z to cast anyway.)
Casting: Iskenderun's Mystic Blast (quite dangerous; 14% risk of failure)
Confirm with . or Enter, or press ? or * to list all spells.
Aiming: Fulminant Prism (quite dangerous; 14% risk of failure)
Press: ? - help, Dir - move target You miscast Fulminant Prism.
You are very lightly contaminated with residual magic.
Strange energies run through your body.
* * * LOW HITPOINT WARNING * * *
x2 A quokka comes into view.
Eustachio casts a spell.
The ufetubus attacks as you move away!
The ufetubus hits you but does no damage.
The ufetubus hits you.
* * * LOW HITPOINT WARNING * * *
The ufetubus barely misses you. The ufetubus hits you.
* * * LOW HITPOINT WARNING * * *
The ufetubus attacks as you move away! The ufetubus barely misses you.
The ufetubus hits you.
You die...

#..........#
...........#
.#..........
..........# #######
#........###.......
#..................
#..r....5..@5......
#.....5#...5.......
#....@.#...........
#......##..........
#...<.###..........
#.....# #..........
#......#
##.........
#.......#
#.....####
#........ #######
#........#
#..†.....#


You could see 2 ufetubi and a quokka.

Vanquished Creatures
  4 adders
  A worm (D:2)
  A dart slug (D:2)
  4 orcs (D:3)
  6 ball pythons
  6 endoplasms
  2 giant cockroaches
  6 goblins
  8 hobgoblins
  7 jackals
  8 kobolds
  A quokka (D:3)
  5 bats
  5 frilled lizards
  7 rats
71 creatures vanquished.

Vanquished Creatures (others)
  4 fulminant prisms
4 creatures vanquished.

Grand Total: 75 creatures vanquished

Notes
Turn   | Place    | Note
-------+----------+-------------------------------------------
     0 | D:1      | ders the Djinni Conjurer began the quest for the Orb.
     0 | D:1      | Reached XP level 1. HP: 15/15 MP: 0/0
   235 | D:1      | Reached XP level 2. HP: 15/21 MP: 0/0
   654 | D:1      | Reached XP level 3. HP: 23/25 MP: 0/0
   654 | D:1      | Learned a level 1 spell: Pain
  1052 | D:1      | Reached skill level 4 in Spellcasting
  1700 | D:2      | Reached XP level 4. HP: 12/31 MP: 0/0
  3212 | D:3      | Found Huonom's Assorted Antiques.
  3546 | D:3      | Reached XP level 5. HP: 32/35 MP: 0/0
  3546 | D:3      | Learned a level 2 spell: Passwall
  4079 | D:4      | Noticed Eustachio
  4098 | D:4      | HP: 1/35 [ufetubus[Eustachio] (1)]
  4099 | D:4      | Slain by an ufetubus

Illustrated notes

Levels and vault maps discovered:
D:1:      lightli_arrival_statue_moat, layout_basic
D:2:      layout_loops_ring
D:3:      layout_basic, serial_shops, nicolae_shop_crystal,
          minmay_misc_feat_room, guppyfry_early_orc_mine
D:4:      layout_cave_pods, old_standard_altar, uniq_eustachio

Skill      XL: |  1  2  3 |
---------------+----------+-----
Spellcasting   | 4 |  4.8
Dodging        | |  2.1
Stealth        | |  1.5

Action                   |  1- 3 |  4- 6 || total
-------------------------+-------+-------++-------
 Cast: Magic Dart        |    58 |    68 ||   126
       Searing Ray       |     5 |     3 ||     8
       Iskenderun's Myst |       |     7 ||     7
       Fulminant Prism   |       |     4 ||     4
       Dazzling Flash    |       |     1 ||     1
Armor: Robe              |     7 |     3 ||    10
Dodge: Dodged            |    17 |     8 ||    25

Table legend: (Time is in decaauts)
 A = Elapsed time spent in this place.
 B = Non-inter-level travel time spent in this place.
 C = Inter-level travel time spent in this place.
 D = Time resting spent in this place.
 E = Time spent auto-exploring this place.
 F = Levels seen in this place.
 G = Mean time per level.
                   A        B        C        D        E       F      G
               +--------+--------+--------+--------+--------+-----+--------+
         Total |   4099 |   3843 |    256 |   1386 |   2157 |   4 | 1024.8 |
       Dungeon |   4099 |   3843 |    256 |   1386 |   2157 |   4 | 1024.8 |
               +--------+--------+--------+--------+--------+-----+--------+

Top non-repeatable levels by time:
     D:1: 1633 daAuts
     D:2: 1494 daAuts
     D:3: 935 daAuts
     D:4: 35 daAuts
